[Event "Titled Tuesday Blitz February 28 Early 2023"]
[White "Bruzon Batista, Lazaro"]
[Black "Manukyan, Sargis A."]
[WhiteFideId "3503739"]
[BlackFideId "13303970"]
[WhiteElo "2709"]
[BlackElo "2187"]
[Result "1-0"]
[Round "05"]
[TimeControl "180+2"]
[Date "2023.02.28"]
[WhiteClock "0:00:20"]
[BlackClock "0:00:18"]

1. e4 c5 2. Nf3 d6 3. Bb5+ Bd7 4. Bxd7+ Qxd7 5. c4 Nc6 6. Nc3 Nf6 7. d4 cxd4 8. Nxd4 g6 9. O-O Bg7 10. Nde2 O-O 11. f3 Rfc8 12. a4 Nb4 13. b3 Qd8 14. Rb1 Qb6+ 15. Kh1 Nd7 16. Bg5 Kf8 17. Qd2 Nc5 18. f4 Ne6 19. Bh4 Nc5 20. f5 Re8 21. Nf4 Kg8 22. Nfd5 Nxd5 23. Nxd5 Nxe4 24. Qc2 Qd4 25. Bxe7 Nc3 26. f6 Nxd5 27. cxd5 Qxd5 28. Rbd1 Qc6 29. Qf2 Bf8 30. Bxf8 Rxf8 31. Qf4 Kh8 32. Qh6 Rg8 33. Rd3 Qc5 34. Rh3 Qh5 35. Rxh5 gxh5 36. Re1 Rg6 37. Qf4 Rag8 38. g3 d5 39. Re7 h4 40. Rxf7 hxg3 41. Rg7 g2+ 42. Kg1 R6xg7 43. fxg7+ Rxg7 44. Qf8+ Rg8 45. Qf6+ Rg7 46. Qd8+ Rg8 47. Qxd5 Rg7 48. Qd4 a6 49. b4 h6 50. Qf6 Kh7 51. a5 Rg6 52. Qf5 Kg7 53. h4 h5 54. Qxh5 Kf6 55. Qf3+ Kg7 56. Qxb7+ Kh6 57. Qb6 Kh5 58. Qxg6+ Kxg6 59. Kxg2 Kf5 60. Kg3 Ke4 61. Kg4 Kd5 62. h5 Kc4 63. h6 Kxb4 64. h7 Kxa5 65. h8=Q Kb4 66. Qd4+ Ka3 67. Kf3 a5 68. Qc3+ Ka4 69. Qa1+ Kb5 70. Qb2+ Ka4 71. Qa2+ Kb4 72. Ke3 a4 73. Kd3 a3 74. Kd4 Ka5 75. Qxa3+ Kb6 76. Qc5+ Kb7 77. Kd5 Ka6 78. Qb4 1-0


[Site "https://www.chess.com"]

[Event "Titled Tuesday Blitz February 28 Early 2023"]
[White "Kim, Sergey"]
[Black "Kozak, Adam"]
[WhiteFideId "13700570"]
[BlackFideId "753246"]
[WhiteElo "2621"]
[BlackElo "2469"]
[Result "1-0"]
[Round "05"]
[TimeControl "180+2"]
[Date "2023.02.28"]
[WhiteClock "0:00:24"]
[BlackClock "0:00:02"]

1. d4 Nf6 2. c4 e6 3. Nc3 Bb4 4. Qc2 b6 5. a3 Bxc3+ 6. Qxc3 Bb7 7. Nf3 Ne4 8. Qc2 d6 9. g3 f5 10. Bg2 O-O 11. O-O Nd7 12. Ng5 Nxg5 13. Bxb7 Rb8 14. Bg2 Nf7 15. b4 Nf6 16. Bb2 Qe7 17. a4 g6 18. b5 e5 19. dxe5 Nxe5 20. a5 Ned7 21. axb6 axb6 22. Ra7 Nc5 23. Qc3 h5 24. Qd2 Kh7 25. Bc1 Qg7 26. Bb2 Qe7 27. Bc1 Qg7 28. Bb2 Rbe8 29. Bc6 Re7 30. Rfa1 Qf7 31. Bc1 Qg7 32. Bb2 Nce4 33. Qd4 Qf7 34. Ra8 Rxa8 35. Rxa8 Re5 36. f3 Nc5 37. f4 Re6 38. Bd5 Ncd7 39. Rc8 h4 40. Rxc7 hxg3 41. hxg3 Kh6 42. Rxd7 Qxd7 43. Bxe6 Qxe6 44. Qxf6 Qxf6 45. Bxf6 1-0


[Site "https://www.chess.com"]

[Event "Titled Tuesday Blitz February 28 Early 2023"]
[White "Vokhidov, Shamsiddin"]
[Black "Al-Tarboush, Ward"]
[WhiteFideId "14204223"]
[BlackFideId "7601450"]
[WhiteElo "2570"]
[BlackElo "2267"]
[Result "1-0"]
[Round "05"]
[TimeControl "180+2"]
[Date "2023.02.28"]
[WhiteClock "0:01:34"]
[BlackClock "0:00:06"]

1. e4 e6 2. Nc3 d5 3. d4 Nf6 4. Bg5 dxe4 5. Nxe4 Be7 6. Bxf6 gxf6 7. Nf3 f5 8. Nc3 a6 9. Qd2 b5 10. g3 Bb7 11. Bg2 b4 12. Na4 c5 13. O-O cxd4 14. Nxd4 Bxg2 15. Kxg2 Qd5+ 16. Kg1 Nc6 17. Rfd1 Nxd4 18. Qxd4 Qxd4 19. Rxd4 Rc8 20. c3 bxc3 21. bxc3 O-O 22. Rc1 Rfd8 23. Rxd8+ Bxd8 24. c4 Kf8 25. c5 Rc6 26. f4 Bf6 27. Kf2 Bd4+ 28. Ke2 f6 29. Kd3 e5 30. Kc4 Ke7 31. Rb1 Rc7 32. Rb8 Bg1 33. h3 e4 34. Rh8 Ke6 35. Rd8 Rd7 36. Ra8 Rd4+ 37. Kb3 Rd3+ 38. Kc2 Rxg3 39. Rxa6+ Kd5 40. c6 Rg8 41. c7 Rc8 42. Rxf6 Rxc7+ 43. Kd2 e3+ 44. Kd3 Re7 45. Nc3+ Kc5 46. Rxf5+ Kc6 47. Ne2 Rd7+ 48. Ke4 Rd2 49. Nxg1 e2 50. Nf3 Rxa2 51. Ke3 1-0


[Site "https://www.chess.com"]

[Event "Titled Tuesday Blitz February 28 Early 2023"]
[White "Timofeev, Artyom"]
[Black "Tan, Jun Ying"]
[WhiteFideId "4140419"]
[BlackFideId "5710413"]
[WhiteElo "2586"]
[BlackElo "2089"]
[Result "1-0"]
[Round "05"]
[TimeControl "180+2"]
[Date "2023.02.28"]
[WhiteClock "0:00:07"]
[BlackClock "0:00:04"]

1. c4 c5 2. Nf3 Nf6 3. Nc3 e6 4. e4 Nc6 5. Be2 e5 6. O-O Be7 7. d3 d6 8. a3 a5 9. Rb1 O-O 10. Ne1 Nd4 11. Nc2 Ne8 12. Nd5 Bg5 13. f4 Nxe2+ 14. Qxe2 exf4 15. Bxf4 Bxf4 16. Rxf4 Be6 17. Nce3 Nc7 18. h3 f6 19. Kh2 Nxd5 20. cxd5 Bd7 21. Qf3 Qe7 22. Qg3 b5 23. Rbf1 Kh8 24. R4f2 Rae8 25. a4 c4 26. dxc4 Qxe4 27. Rf3 bxc4 28. Qxd6 Bxa4 29. Rg3 Bc2 30. Qc7 Re7 31. Qxc4 Bd3 32. Qxe4 Rxe4 33. Rd1 Be2 34. Rd2 Bb5 35. Nf5 g6 36. Nd6 Rb4 37. Re3 Rb8 38. Re7 Ba4 39. Ree2 Kg7 40. Re7+ Kh8 41. Ra7 Rxb2 42. Rxb2 Rxb2 43. Rxa5 Bd1 44. Kg3 Rd2 45. Ne4 Rd4 46. Nxf6 Kg7 47. Ne8+ Kh6 48. Nc7 Bb3 49. Kf3 Rd3+ 50. Ke4 Rd2 51. g4 Bc2+ 52. Ke5 Rd3 53. Ne6 Rxh3 54. d6 Re3+ 55. Kf6 Bb3 56. g5+ Kh5 57. Ng7+ Kg4 58. d7 Rd3 59. Ke7 Re3+ 60. Kd8 Rd3 61. Ne8 Be6 62. Nf6+ Kf4 63. Ke7 Bxd7 64. Nxd7 Rg3 65. Nf6 Rxg5 66. Ra4+ Kf3 67. Nxh7 Re5+ 68. Kf6 Rf5+ 69. Kxg6 Rf4 70. Ng5+ Ke3 71. Ra3+ Kd2 72. Ne6 Rf1 73. Kg5 Rg1+ 74. Kf4 Kc2 75. Nd4+ Kb2 76. Rb3+ Ka2 77. Rb6 Rf1+ 78. Ke3 Rh1 79. Kd3 Rh3+ 80. Kc4 Rh4 81. Rb4 Rg4 82. Kc3 Rg3+ 83. Kd2 Rg2+ 84. Ne2 Rh2 85. Rb7 Ka3 86. Ra7+ Kb4 87. Rb7+ Kc4 88. Rc7+ Kb4 89. Rb7+ Kc5 90. Rg7 Kd5 91. Rg5+ Kc6 92. Rg4 Kc5 93. Rf4 Kd5 94. Kd3 Kc5 95. Rf5+ Kb4 96. Nd4 Rh3+ 97. Nf3 Ka4 98. Kc3 Rg3 99. Kc4 Ka3 100. Nd4 Rg4 101. Rf2 Rh4 102. Re2 Rg4 103. Rd2 Rh4 104. Kc3 Rh3+ 105. Kc4 Rh4 106. Rg2 Rf4 107. Kc3 Ka4 108. Ra2# 1-0


[Site "https://www.chess.com"]

[Event "Titled Tuesday Blitz February 28 Early 2023"]
[White "Martynov, Pavel"]
[Black "Bernadskiy, Vitaliy"]
[WhiteFideId "4101260"]
[BlackFideId "14100371"]
[WhiteElo "2314"]
[BlackElo "2488"]
[Result "0-1"]
[Round "05"]
[TimeControl "180+2"]
[Date "2023.02.28"]
[WhiteClock "0:00:04"]
[BlackClock "0:00:05"]

1. e4 e5 2. Nf3 Nc6 3. Bb5 a6 4. Ba4 Nge7 5. c3 d5 6. Nxe5 dxe4 7. O-O Qd5 8. Nxc6 Nxc6 9. Bb3 Qc5 10. Re1 Bf5 11. d4 Qe7 12. Nd2 Bg6 13. f3 e3 14. Nc4 O-O-O 15. Bxe3 Qd7 16. d5 Qf5 17. dxc6 Rxd1 18. cxb7+ Kxb7 19. Raxd1 Bc5 20. Ba4 Bxe3+ 21. Rxe3 Qc5 22. Rd4 Kc8 23. Re5 Qa7 24. h4 Rd8 25. Re8 Rxe8 26. Bxe8 Qc5 27. Kf2 f6 28. b4 Qe7 29. Bd7+ Kb7 30. Na5+ Kb6 31. Nc4+ Ka7 32. Na5 Qf7 33. c4 Qf8 34. a3 c5 35. Rd5 cxb4 36. axb4 Bf7 37. Rc5 Qd6 38. Bf5 Bg6 39. Bc8 Kb8 40. h5 Be8 41. Bf5 Qd2+ 42. Kg3 Qxb4 43. Rc8+ Ka7 44. Rc7+ Kb6 45. Rb7+ Kxa5 46. Rxb4 Kxb4 47. Bxh7 Bxh5 48. Kf4 a5 49. g4 Bf7 50. c5 Kxc5 51. g5 fxg5+ 52. Kxg5 Kb4 53. Bb1 Kc3 54. f4 a4 55. f5 Kb2 56. Be4 a3 57. f6 gxf6+ 58. Kxf6 Bb3 59. Ke5 a2 0-1


[Site "https://www.chess.com"]

[Event "Titled Tuesday Blitz February 28 Early 2023"]
[White "Kvaloy, Aksel Bu"]
[Black "Perez Ponsa, Federico"]
[WhiteFideId "1528815"]
[BlackFideId "117927"]
[WhiteElo "2208"]
[BlackElo "2592"]
[Result "0-1"]
[Round "05"]
[TimeControl "180+2"]
[Date "2023.02.28"]
[WhiteClock "0:00:17"]
[BlackClock "0:00:28"]

1. d4 Nf6 2. c4 g6 3. Nc3 Bg7 4. Nf3 d6 5. Bg5 h6 6. Bh4 g5 7. Bg3 Nh5 8. e3 c5 9. dxc5 dxc5 10. Qxd8+ Kxd8 11. O-O-O+ Bd7 12. Be5 f6 13. Bxb8 Rxb8 14. Be2 f5 15. Rd2 Ke8 16. Ne5 Bxe5 17. Bxh5+ Kd8 18. Rhd1 Bd6 19. g3 Bc6 20. Bg6 Rf8 21. e4 fxe4 22. Bxe4 Kc7 23. Bxc6 Kxc6 24. Nb5 Rf6 25. Nxa7+ Kb6 26. Nb5 Kc6 27. Na7+ Kb6 28. Nb5 Kc6 29. Nc3 Rbf8 30. Ne4 Re6 31. Re2 g4 32. Kc2 h5 33. Rd5 b5 34. Kd3 Rf3+ 35. Re3 bxc4+ 36. Kxc4 Rxe3 37. Nxd6 exd6 38. fxe3 Re4+ 0-1


[Site "https://www.chess.com"]

[Event "Titled Tuesday Blitz February 28 Early 2023"]
[White "Poliakova, Varvara"]
[Black "Livaic, Leon"]
[WhiteFideId "13518313"]
[BlackFideId "14531534"]
[WhiteElo "2075"]
[BlackElo "2509"]
[Result "0-1"]
[Round "05"]
[TimeControl "180+2"]
[Date "2023.02.28"]
[WhiteClock "0:01:01"]
[BlackClock "0:01:00"]

1. e4 d5 2. exd5 Qxd5 3. Nc3 Qd6 4. d4 Nf6 5. Nf3 c6 6. Ne5 Nbd7 7. Nc4 Qc7 8. Qf3 Nb6 9. Bf4 Qd8 10. O-O-O Bg4 11. Qg3 Nxc4 12. Bxc4 Bxd1 13. Rxd1 Nh5 14. Qf3 Nxf4 15. Qxf4 e6 16. d5 Bd6 17. Qg4 Qf6 18. dxe6 Qf4+ 19. Qxf4 Bxf4+ 20. Kb1 fxe6 21. Bxe6 Rd8 22. Re1 Bd2 23. Re2 Bxc3 24. bxc3 Ke7 25. Bc4+ Kd6 26. Bf7 Rhf8 27. Bh5 g6 28. Bg4 Rfe8 29. Rd2+ Kc7 30. Rxd8 Kxd8 31. Kc1 Re1+ 32. Kd2 Rg1 33. g3 Rg2 34. Ke2 Rxh2 35. Bf3 g5 36. Be4 Ke7 37. Kf3 Kf6 38. a4 Rh1 39. Kg4 h5+ 40. Kf3 Ra1 0-1


[Site "https://www.chess.com"]

[Event "Titled Tuesday Blitz February 28 Early 2023"]
[White "Madaminov, Mukhiddin"]
[Black "Gunduz, Umut Erdem"]
[WhiteFideId "14210703"]
[BlackFideId "6381383"]
[WhiteElo "2511"]
[BlackElo "2182"]
[Result "1-0"]
[Round "05"]
[TimeControl "180+2"]
[Date "2023.02.28"]
[WhiteClock "0:00:32"]
[BlackClock "0:00:01"]

1. d4 Nf6 2. Nc3 d5 3. Bf4 c5 4. e4 dxe4 5. dxc5 Nbd7 6. b4 g6 7. Nb5 e5 8. Bg3 Nh5 9. Bc4 Nxg3 10. hxg3 a6 11. Nd6+ Bxd6 12. Qxd6 Qe7 13. Qd2 Nf6 14. Ne2 Bg4 15. Nc3 Rd8 16. Nd5 Nxd5 17. Bxd5 Be6 18. c4 e3 19. fxe3 Qg5 20. O-O O-O 21. Rad1 Qxg3 22. e4 h5 23. Rf6 Kg7 24. Rdf1 Qh4 25. Qc3 Qg5 26. a4 Rd7 27. Bxe6 Rd2 28. Bh3 1-0


[Site "https://www.chess.com"]

[Event "Titled Tuesday Blitz February 28 Early 2023"]
[White "Fiorito, Francisco"]
[Black "Bharath Subramaniyam H"]
[WhiteFideId "180165"]
[BlackFideId "46634827"]
[WhiteElo "2341"]
[BlackElo "2395"]
[Result "0-1"]
[Round "05"]
[TimeControl "180+2"]
[Date "2023.02.28"]
[WhiteClock "0:00:14"]
[BlackClock "0:00:56"]

1. d4 Nf6 2. Nc3 d5 3. Bf4 Bf5 4. e3 e6 5. Nb5 Na6 6. Nf3 Bb4+ 7. c3 Be7 8. a4 O-O 9. Be2 c5 10. O-O Ne4 11. h3 h6 12. Ne5 c4 13. Re1 Nd6 14. Bf1 Nc7 15. Nxc7 Qxc7 16. e4 Bxe4 17. Nxc4 Bxg2 18. Qg4 Bxf1 19. Nxd6 Bxd6 20. Bxh6 f5 21. Qg6 Rf6 22. Qxg7+ Qxg7+ 23. Bxg7 Kxg7 24. Kxf1 Rh8 25. Re3 f4 26. Rf3 Rfh6 27. Kg2 Kf6 28. Rh1 Kf5 29. Kf1 Ke4 30. Ke2 Be7 31. Rd3 Rf8 32. Rf3 Rg8 33. a5 Rhg6 34. h4 Rg1 35. Rxg1 Rxg1 36. Rh3 Rb1 37. f3+ Kf5 38. b4 Rb2+ 39. Kd3 Rg2 40. Rh1 Rg3 41. Ke2 Rg2+ 42. Kd3 Rf2 43. Rh3 a6 44. c4 Bxb4 45. h5 Rd2# 0-1


[Site "https://www.chess.com"]

[Event "Titled Tuesday Blitz February 28 Early 2023"]
[White "Stijve, Theo"]
[Black "Galchenko, Matvey"]
[WhiteFideId "1331132"]
[BlackFideId "24175480"]
[WhiteElo "2256"]
[BlackElo "2404"]
[Result "0-1"]
[Round "05"]
[TimeControl "180+2"]
[Date "2023.02.28"]
[WhiteClock "0:00:26"]
[BlackClock "0:00:07"]

1. e4 e6 2. d4 d5 3. Nc3 Bb4 4. e5 Ne7 5. a3 Bxc3+ 6. bxc3 c5 7. Qg4 cxd4 8. Qxg7 Rg8 9. Qxh7 Qc7 10. Ne2 Nbc6 11. f4 Bd7 12. Qd3 dxc3 13. h4 O-O-O 14. h5 d4 15. Nxd4 Nxd4 16. Qxd4 Bb5 17. Qxa7 Bxf1 18. Rxf1 Qc6 19. Be3 Rxg2 20. Rb1 Nd5 21. Bc5 Nc7 22. Be3 Qe4 23. Rb4 Rdd2 24. Rf2 Rg1+ 25. Rf1 Rxf1+ 26. Kxf1 Qg2+ 27. Ke1 Qe2# 0-1


[Site "https://www.chess.com"]

[Event "Titled Tuesday Blitz February 28 Early 2023"]
[White "Drygalov, Sergey"]
[Black "Ilinca Ilinca, Felix Antonio"]
[WhiteFideId "24171743"]
[BlackFideId "54764998"]
[WhiteElo "2533"]
[BlackElo "2031"]
[Result "1-0"]
[Round "05"]
[TimeControl "180+2"]
[Date "2023.02.28"]
[WhiteClock "0:01:05"]
[BlackClock "0:01:25"]

1. d4 d5 2. c4 e6 3. Nf3 Nf6 4. Nc3 Bb4 5. Qa4+ Nc6 6. e3 O-O 7. Qc2 dxc4 8. Bxc4 a6 9. O-O Bd6 10. a3 e5 11. h3 h6 12. Rd1 Qe7 13. d5 Nb8 14. e4 b5 15. Ba2 Bb7 16. Be3 Nbd7 17. Nh4 Nc5 18. Nf5 Qd7 19. Bb1 a5 20. Bxc5 Bxc5 21. Qd3 b4 22. Qg3 Kh7 23. Qxg7# 1-0


[Site "https://www.chess.com"]

[Event "Titled Tuesday Blitz February 28 Early 2023"]
[White "Demin, Vladimir"]
[Black "Zemlyanskii, Ivan"]
[WhiteFideId "4167457"]
[BlackFideId "24249971"]
[WhiteElo "2562"]
[BlackElo "2233"]
[Result "0-1"]
[Round "05"]
[TimeControl "180+2"]
[Date "2023.02.28"]
[WhiteClock "0:00:07"]
[BlackClock "0:00:25"]

1. e4 Nc6 2. Nf3 d5 3. exd5 Qxd5 4. Nc3 Qd6 5. Nb5 Qd8 6. d4 Nf6 7. Bc4 a6 8. Nc3 Bf5 9. a3 e6 10. Be3 Be7 11. O-O O-O 12. h3 Ne4 13. Bd3 Nxc3 14. bxc3 Bg6 15. c4 Bf6 16. c3 e5 17. Bxg6 hxg6 18. d5 Na5 19. Qa4 b6 20. c5 Qxd5 21. cxb6 cxb6 22. Bxb6 Nc4 23. Rab1 Rab8 24. Ba7 Rxb1 25. Rxb1 e4 26. Nd4 e3 27. Qc6 exf2+ 28. Kh1 Qxc6 29. Nxc6 Nd2 0-1


[Site "https://www.chess.com"]

[Event "Titled Tuesday Blitz February 28 Early 2023"]
[White "Ohanyan, Emin"]
[Black "Jimenez Almeida, Luis David"]
[WhiteFideId "13312022"]
[BlackFideId "22242244"]
[WhiteElo "2403"]
[BlackElo "2245"]
[Result "1-0"]
[Round "05"]
[TimeControl "180+2"]
[Date "2023.02.28"]
[WhiteClock "0:00:32"]
[BlackClock "0:00:03"]

1. e4 c6 2. d4 Na6 3. Nc3 Nc7 4. Bd3 g6 5. h4 h5 6. Nf3 d6 7. Be3 Bg4 8. Ne2 Bxf3 9. gxf3 Bg7 10. Qd2 Nf6 11. O-O-O a5 12. Bg5 O-O 13. f4 Ng4 14. Rdf1 f6 15. f3 Nh6 16. f5 fxg5 17. hxg5 Nf7 18. fxg6 Nh8 19. f4 Nxg6 20. f5 Nh8 21. Rxh5 c5 22. g6 e6 23. Rfh1 Qf6 24. Qe3 cxd4 25. Qh3 Nxg6 26. fxg6 Qxg6 27. e5 Rf5 28. Bxf5 exf5 29. Nf4 Qg4 30. Qb3+ d5 31. Nxd5 Ne6 32. Nf6+ Kf7 33. Nxg4 1-0


[Site "https://www.chess.com"]

[Event "Titled Tuesday Blitz February 28 Early 2023"]
[White "Yeletsky, Ivan"]
[Black "Di Nicolantonio, Lucas"]
[WhiteFideId "24180327"]
[BlackFideId "680460"]
[WhiteElo "2414"]
[BlackElo "2358"]
[Result "1-0"]
[Round "05"]
[TimeControl "180+2"]
[Date "2023.02.28"]
[WhiteClock "0:00:30"]
[BlackClock "0:00:03"]

1. e4 g6 2. d4 Bg7 3. Nc3 d6 4. Bc4 a6 5. h4 h6 6. h5 g5 7. f4 gxf4 8. Bxf4 Nc6 9. Nf3 Bg4 10. d5 Ne5 11. Be2 Bxf3 12. gxf3 c5 13. Qd2 b5 14. Nd1 Qb6 15. Ne3 Nf6 16. Nf5 Bf8 17. O-O-O O-O-O 18. c3 e6 19. Ne3 Be7 20. Rdg1 c4 21. Kb1 Qc5 22. Nc2 exd5 23. Be3 Qc7 24. exd5 Qb7 25. f4 Ned7 26. Nb4 Ne4 27. Qc2 Ndc5 28. Bg4+ Kc7 29. Bf5 Nf6 30. Rg7 Rhf8 31. Re1 Rde8 32. Qg2 Nxh5 33. Rh7 Nf6 34. Rxh6 Rg8 35. Qf3 a5 36. Nc6 Nxd5 37. Bxc5 Qxc6 38. Bd4 Bd8 39. Be4 1-0


[Site "https://www.chess.com"]

[Event "Titled Tuesday Blitz February 28 Early 2023"]
[White "Mayank Chakraborty"]
[Black "Drygalov, Andrey"]
[WhiteFideId "25659766"]
[BlackFideId "24171735"]
[WhiteElo "2103"]
[BlackElo "2471"]
[Result "0-1"]
[Round "05"]
[TimeControl "180+2"]
[Date "2023.02.28"]
[WhiteClock "0:00:18"]
[BlackClock "0:01:50"]

1. e4 c5 2. Nf3 d6 3. d4 cxd4 4. Qxd4 Nf6 5. c4 Nc6 6. Qe3 g6 7. Nc3 Bg7 8. b3 Nxe4 9. Nxe4 Bxa1 10. b4 O-O 11. h4 h5 12. Bd3 Nxb4 13. Bb1 Bg7 14. O-O Nc6 15. Neg5 Qb6 16. Be4 Qxe3 17. Bxe3 Bg4 18. Rb1 Rab8 19. Nh2 Bf5 20. Bxf5 gxf5 21. Nh3 e5 22. Nf3 f4 23. Bd2 f6 24. Bc3 Rfc8 25. Nd2 Ne7 26. Bb4 Nf5 27. Ba3 a6 28. Ne4 Rxc4 29. Nxd6 Nxd6 30. Bxd6 Rd8 31. Bb4 b5 32. f3 Rc2 33. Nf2 Bf8 34. Be1 Bc5 0-1


[Site "https://www.chess.com"]

[Event "Titled Tuesday Blitz February 28 Early 2023"]
[White "Martin Duque, Jesus"]
[Black "Molina, Roberto Junio Brito"]
[WhiteFideId "2208954"]
[BlackFideId "2109450"]
[WhiteElo "2305"]
[BlackElo "2376"]
[Result "0-1"]
[Round "05"]
[TimeControl "180+2"]
[Date "2023.02.28"]
[WhiteClock "0:01:28"]
[BlackClock "0:01:46"]

1. Nf3 d5 2. b3 Bg4 3. e3 Nd7 4. Bb2 Ngf6 5. d3 e6 6. h3 Bh5 7. g4 Bg6 8. Nh4 Bd6 9. Nd2 Qe7 10. g5 Nh5 11. Rg1 h6 12. Nxg6 fxg6 13. Qg4 O-O-O 14. h4 Be5 15. d4 Bd6 16. f4 hxg5 17. hxg5 Kb8 18. Bd3 Qf7 19. c4 c5 20. cxd5 exd5 21. O-O-O cxd4 22. Bxd4 Bc5 23. Nf3 Bxd4 24. Nxd4 Nc5 25. Bc2 Rhe8 26. Rge1 Ne4 27. Kb2 Nf2 28. Qf3 Nxd1+ 29. Rxd1 a6 30. Rh1 Ka8 31. Bd3 Re7 32. Rc1 Rde8 33. Nc2 d4 34. Bxa6 dxe3 35. Nb4 Qxf4 36. Bxb7+ Rxb7 37. Qc6 Qd4+ 38. Rc3 Rd8 39. Na6 Qb6 40. Qa4 Qa7 41. Rc4 e2 42. Qc6 Qb6 43. Nc7+ Qxc7 44. Qa6+ Kb8 45. Rxc7 Kxc7 46. Qxe2 Kb8 47. Qe5+ Rc7 48. Qb5+ Kc8 49. Qa6+ Kb8 50. Qxg6 Nf4 51. Qe4 Nd3+ 52. Ka1 Nc5 53. Qb4+ Nb7 54. Kb2 Rd6 55. Qg4 Rdc6 56. g6 Ka7 57. Qh5 Nc5 58. a4 Kb6 59. b4 Nd3+ 60. Kb3 Rc3+ 61. Ka2 Nxb4+ 62. Kb1 Rc1+ 63. Kb2 R1c2+ 64. Kb3 Na6 65. Qb5+ Ka7 66. Qe8 R2c6 67. Qf7 Rxf7 68. gxf7 Rf6 69. a5 Rxf7 70. Ka4 Rb7 71. Ka3 Rb4 72. Ka2 Kb7 73. Ka3 Kc6 74. Ka2 Kb5 75. Ka3 Kxa5 76. Ka2 Kb6 77. Ka3 Kc5 78. Ka2 Kc6 79. Ka3 Kd5 80. Ka2 Kd6 81. Ka3 Ke5 82. Ka2 Ke6 83. Ka3 Kf5 84. Ka2 Kf6 85. Ka3 Kf5 86. Ka2 Kg5 87. Ka3 Kg6 88. Ka2 Kh5 89. Ka3 Kh6 90. Ka2 Kh7 91. Ka3 Kh8 92. Ka2 Kg8 93. Ka3 Kf8 94. Ka2 g6 95. Ka3 Kg7 96. Ka2 Kg8 97. Ka3 Kh7 98. Ka2 Kh8 99. Ka3 Kg7 100. Ka2 Kf6 101. Ka3 Kg5 102. Ka2 Kf5 103. Ka3 Kf4 104. Ka2 Ke5 105. Ka3 Ke4 106. Ka2 Kd5 107. Ka3 Kd4 108. Ka2 Ke3 109. Ka3 Kd2 110. Ka2 Kd3 111. Ka3 Ke2 112. Ka2 Kf2 113. Ka3 Kf1 114. Ka2 Kg1 115. Ka3 Kh2 116. Ka2 Rf4 117. Ka3 Nc7 118. Ka2 Ne6 119. Ka3 Rd4 120. Ka2 Kh3 121. Ka3 Kh4 122. Ka2 g5 123. Ka3 Kh5 124. Ka2 Kh6 125. Ka3 Kh7 126. Ka2 Kh8 127. Ka3 Kg7 128. Ka2 Kg8 129. Ka3 Kf7 130. Ka2 Kf8 131. Ka3 Ke7 132. Ka2 Ke8 133. Ka3 Kd7 134. Ka2 Kd8 135. Ka3 Kc7 136. Ka2 Kc8 137. Ka3 Kb7 138. Ka2 Kb8 139. Ka3 Ka7 140. Ka2 Ka8 141. Ka3 Kb7 142. Ka2 Ka6 143. Ka3 Kb6 144. Ka2 Kc5 145. Ka3 Kc6 146. Ka2 Kd5 147. Ka3 Kd6 148. Ka2 Ke5 149. Ka3 Rf4 150. Ka2 Kf5 151. Ka3 Rf3+ 152. Ka2 Rf2+ 153. Ka3 Rf1 154. Ka2 Rh1 155. Ka3 Rh4 156. Ka2 Rd4 157. Ka3 g4 158. Ka2 Kg5 159. Ka3 Kh5 160. Ka2 Kh6 161. Ka3 Kh7 162. Ka2 Kg6 163. Ka3 Kg7 164. Ka2 Kf6 165. Ka3 Kf7 166. Ka2 Kf8 167. Ka3 Ke7 168. Ka2 Ke8 169. Ka3 Kd7 170. Ka2 Kd8 171. Ka3 Kc7 172. Ka2 Kc8 173. Ka3 Kb7 174. Ka2 Kb8 175. Ka3 Ka7 176. Ka2 0-1


[Site "https://www.chess.com"]

[Event "Titled Tuesday Blitz February 28 Early 2023"]
[White "Harsh Suresh"]
[Black "Dragomirescu, Angela"]
[WhiteFideId "45018464"]
[BlackFideId "1209914"]
[WhiteElo "2227"]
[BlackElo "2171"]
[Result "1-0"]
[Round "05"]
[TimeControl "180+2"]
[Date "2023.02.28"]
[WhiteClock "0:00:05"]
[BlackClock "0:00:25"]

1. e4 c5 2. Nc3 d6 3. f4 Nc6 4. Nf3 g6 5. Bc4 Bg7 6. O-O Nf6 7. d3 O-O 8. Qe1 Nd4 9. Nxd4 cxd4 10. Nd5 e6 11. Nxf6+ Qxf6 12. Bb3 Bd7 13. Bd2 Bc6 14. Bb4 Rfd8 15. Bxd6 Rxd6 16. e5 Qe7 17. exd6 Qxd6 18. a4 Rc8 19. a5 a6 20. Qf2 h5 21. Qd2 Bh6 22. Qf2 Kg7 23. Rae1 Rd8 24. Re5 Qc7 25. Rfe1 Kg8 26. Qg3 Kh7 27. Bxe6 Bg7 28. Bb3 Bxe5 29. fxe5 Bd5 30. Bxd5 Rxd5 31. Qf3 Rxe5 32. Rxe5 Qxe5 33. Qxf7+ Kh6 34. Qf8+ Kg5 35. Qf2 Qxa5 36. h4+ Kh6 37. Qxd4 Qe1+ 38. Kh2 Qd2 39. Qh8# 1-0


[Site "https://www.chess.com"]

[Event "Titled Tuesday Blitz February 28 Early 2023"]
[White "Garakov, Mikhael"]
[Black "Maximov, Dmitry"]
[WhiteFideId "4169034"]
[BlackFideId "14105659"]
[WhiteElo "2347"]
[BlackElo "2494"]
[Result "1-0"]
[Round "05"]
[TimeControl "180+2"]
[Date "2023.02.28"]
[WhiteClock "0:00:07"]
[BlackClock "0:00:05"]

1. e4 c5 2. Nf3 d6 3. d4 cxd4 4. Nxd4 Nf6 5. Nc3 a6 6. f4 e6 7. Qf3 Be7 8. Be3 Qc7 9. g4 b5 10. g5 Nfd7 11. Bd3 b4 12. Nce2 Bb7 13. f5 e5 14. Ne6 fxe6 15. fxe6 Rf8 16. Qh5+ g6 17. Qxh7 Nc5 18. Qxg6+ Kd8 19. h4 Qa5 20. Bxc5 Qxc5 21. O-O-O Nc6 22. Kb1 Kc7 23. h5 Rg8 24. Qf7 Raf8 25. g6 Kb6 26. h6 Rxf7 27. exf7 Rxg6 28. h7 Rf6 29. h8=Q Rxf7 30. Qe8 Rf8 31. Qg6 a5 32. Rh7 a4 33. Nc1 a3 34. Nb3 Qe3 35. Qe6 Qf3 36. Rc1 axb2 37. Kxb2 Rf6 38. Qc4 Qe3 39. Qb5+ Ka7 40. Na5 Qd4+ 41. Kb1 Qc3 42. Nxc6+ Qxc6 43. Qxc6 Bxc6 44. Rxe7+ Kb6 45. Kb2 Kc5 46. Kb3 Rf2 47. Rc7 Kb6 48. Rxc6+ Kxc6 49. Kxb4 Rf8 50. a4 Rb8+ 51. Bb5+ Kc7 52. c4 Rg8 53. c5 Rg4 54. Rc4 Rg1 55. cxd6+ Kxd6 56. Ka5 Rb1 57. Kb6 Rd1 58. a5 Rd4 59. Rxd4+ exd4 60. a6 Ke5 61. a7 1-0


[Site "https://www.chess.com"]

[Event "Titled Tuesday Blitz February 28 Early 2023"]
[White "Eswaran, Ashritha"]
[Black "Kilic, Eray"]
[WhiteFideId "2080788"]
[BlackFideId "44517173"]
[WhiteElo "2532"]
[BlackElo "2328"]
[Result "0-1"]
[Round "05"]
[TimeControl "180+2"]
[Date "2023.02.28"]
[WhiteClock "0:00:27"]
[BlackClock "0:00:12"]

1. e4 c5 2. Nf3 d6 3. d4 cxd4 4. Nxd4 Nf6 5. Nc3 a6 6. Be3 e5 7. Nf3 Qc7 8. a4 Be7 9. a5 O-O 10. Be2 Bd8 11. O-O Nc6 12. Bg5 Be6 13. Bxf6 Bxf6 14. Nd5 Bxd5 15. Qxd5 Rac8 16. c3 Rfd8 17. Rfd1 Ne7 18. Qd3 d5 19. exd5 Nxd5 20. Qe4 Nf4 21. Bf1 g6 22. g3 Ne6 23. Rxd8+ Rxd8 24. Re1 Nc5 25. Qc4 Rc8 26. Bh3 Nd7 27. Qxc7 Rxc7 28. Bxd7 Rxd7 29. Nxe5 Rd5 30. Nc4 Rc5 31. Re4 Kg7 32. Kg2 Bd8 33. b4 Rc6 34. Kf3 Bf6 35. Ke3 Bxc3 36. Nb6 Bf6 37. Nd5 Bg5+ 38. f4 Bd8 39. Kd3 Rd6 40. Kc4 Rc6+ 41. Kd3 Rc1 42. Re8 Bf6 43. Rb8 Rd1+ 44. Ke4 Rd4+ 45. Ke3 Rxd5 46. Rxb7 Bc3 47. Rb6 Rb5 48. Rxb5 axb5 49. a6 Bxb4 50. Kd4 Be1 51. Kc5 b4 52. Kc4 Bf2 53. Kxb4 Kf6 54. Kb5 Kf5 55. Kc6 Kg4 56. Kd6 f5 57. Ke7 Kh3 58. Kf6 Kxh2 59. Kg7 Kxg3 60. Kxh7 Kxf4 61. Kxg6 Ba7 62. Kh5 Kg3 63. Kg5 f4 0-1


[Site "https://www.chess.com"]